 Dungeon Crawl Stone Soup version 0.31-a0-455-g1a7b003ef0 (webtiles) character file.

Game seed: 6854144240141556526

8617 jasper the Nimble (level 11, 0/63 HPs)
             Began as a Spriggan Shapeshifter on Aug 3, 2023.
             Was a High Priest of Okawaru.
             Slain by a sixfirhy (11 damage)
             ... summoned by a kobold demonologist
             ... on level 11 of the Dungeon.
             The game lasted 00:22:57 (7720 turns).

jasper the Nimble (Spriggan Shapeshifter)           Turns: 7720, Time: 00:22:58

Health: 0/63       AC:  0    Str: 11    XL:     11   Next: 12%
Magic:  14/14      EV: 24    Int: 11    God:    Okawaru [*****.]
Gold:   494        SH:  0    Dex: 19    Spells: 10/10 levels left

rFire   . .          .
                       - Unarmed
rCold   . . .        (no shield)
rNeg    . . .        w - melded +1 robe {rN+}
rPois   .            (helmet restricted)
rElec   .            (no cloak)
rCorr   .            (gloves unavailable)
SInv    +            (boots unavailable)
Will    +....        (no amulet)
Stlth   +++          j - ring of flight
HPRegen 0.30/turn    (no ring)
MPRegen 0.14/turn

%: no passive effects
@: maw-form, flying, very quick
A: devouring maw, very small, no large weapons, unfitting armour, see invisible,
speed 3
a: Begin Untransformation, Renounce Religion, Heroism, Finesse, Duel


You were on level 11 of the Dungeon.
You worshipped Okawaru.
Okawaru was extremely pleased with you.
You were a creature with a mouth for a stomach.
You visited 2 branches of the dungeon, and saw 12 of its levels.

You collected 579 gold pieces.
You spent 85 gold pieces at shops.

Inventory:

Hand Weapons
 s - the +8 lajatang of the Hidden Servitors {flame, Int+3 Dex+3}
   (You found it on level 3 of the Dungeon)

   Int:       It affects your intelligence (+3).
   Dex:       It affects your dexterity (+3).
Missiles
 e - 54 stones (quivered)
 l - 7 poisoned darts
 v - 4 boomerangs
Armour
 a - a +0 animal skin
 p - a +0 robe of cold resistance
 w - a +1 robe of positive energy (melded)
Jewellery
 j - a ring of flight (left hand)
Talismans
 b - a maw talisman (active)
 c - a beast talisman
Wands
 o - a wand of mindburst (17)
 r - a wand of polymorph (6)
Scrolls
 g - 2 scrolls of fog
 k - a scroll of vulnerability
 x - a scroll of enchant weapon
Potions
 d - 3 potions of might
 f - 5 potions of curing
 h - 2 potions of haste
 i - 2 potions of resistance
 n - a potion of ambrosia
 q - 2 potions of attraction
 t - a potion of invisibility {unknown}


   Skills:
 - Level 10.0 Fighting
 - Level 10.0 Dodging
 - Level 5.0 Stealth
 + Level 3.5 Unarmed Combat
 - Level 3.0 Invocations
 + Level 3.8 Evocations
 - Level 10.0 Shapeshifting


You had 10 spell levels left.
You didn't know any spells.
Your spell library contained the following spells:

 Spells                   Type           Power      Damage    Failure   Level
 Apportation              Tloc           0%         N/A       34%         1
 Necrotise                Necr           0%         1d4       34%         1
 Blink                    Tloc           0%         N/A       47%         2
 Cigotuvi's Dreadful Rot  Necr/Pois/Air  0%         N/A       47%         2
 Ensorcelled Hibernation  Hex/Ice        0%         N/A       47%         2
 Passwall                 Tmut/Erth      0%         N/A       47%         2
 Hailstorm                Conj/Ice       0%         3d3       71%         3
 Swiftness                Air            0%         N/A       71%         3
 Dispel Undead            Necr           0%         3d6       98%         4
 Manifold Assault         Tloc           0%         N/A       98%         4
 Borgnjor's Vile Clutch   Necr/Erth      0%         N/A       100%        5
 Summon Small Mammal      Summ           Unusable   N/A       N/A         1
 Animate Dead             Necr           Unusable   N/A       N/A         4
 Summon Ice Beast         Ice/Summ       Unusable   N/A       N/A         4
 Death Channel            Necr           Unusable   N/A       N/A         6
 Simulacrum               Ice/Necr       Unusable   N/A       N/A         6

Dungeon Overview and Level Annotations

Branches:
Dungeon (11/15)            Temple (1/1) D:6
   Lair: D:8-11         Orc: D:9-12

Altars:
Ashenzari
Cheibriados
Dithmenos
Elyvilon
Fedhas
Gozag
Hepliaklqana
Kikubaaqudgha
Makhleb
Nemelex Xobeh
Okawaru
Qazlal
Ru
Sif Muna
Trog
Vehumet
Wu Jian
Xom
Yredelemnul
Zin
The Shining One

Shops:
D:8 [

Annotations:
D:7 1 runed translucent door, Hubris850's ghost, novice MfGl
D:9 3 runed translucent doors, Tollund's ghost, novice OpSh
D:10 Snorg


Innate Abilities, Weirdness & Mutations

You are a creature with a mouth for a stomach.
Your midsection houses a second, enormous mouth.
You are very small and have problems with some larger weapons.
You are too small for most types of armour.
You have supernaturally acute eyesight. (SInv)
You cover ground extremely quickly. (Speed+++)


Message History

As you close the door, it creaks loudly!
You hear a shout! x5
You hear a shout!
You begin transforming.
You continue transforming. x3
Your transformation has ended.
You turn into a creature with a mouth for a stomach.
Your +1 robe of positive energy melds into your body.
You feel less protected from negative energy.
You reach down and open the door.
A kobold and a kobold brigand come into view.
The kobold brigand is wielding a +0 short sword and quivering poisoned darts.
The kobold demonologist shouts!
The kobold shouts!
The kobold brigand shouts!
A kobold comes into view.
It is wielding a +0 club and carrying a wand of iceblast.
The kobold demonologist casts a spell.
A kobold comes into view. It is wielding a +0 dagger.
The kobold demonologist shouts!
The +8 lajatang of the Hidden Servitors {flame, Int+3 Dex+3} stops flaming.
You are now empty-handed.
You completely miss the kobold. The sixfirhy misses you.
The kobold demonologist mumbles some strange words.
The sixfirhy misses you.
You miss the sixfirhy. Your bite misses the sixfirhy.
The sixfirhy barely misses you. The sixfirhy misses you.
The sixfirhy barely misses you.
You miss the sixfirhy. Your punch misses the sixfirhy. You bite the sixfirhy!
The sixfirhy is moderately wounded.
The sixfirhy hits you! The sixfirhy shocks you!
You take 23 damage, and have 40/63 hp.
MASSIVE DAMAGE!!
Okay, then.
Okay, then.
The crimson imp blinks!
The sixfirhy attacks as you move away! The sixfirhy hits you!
The sixfirhy shocks you!
* * * LOW HITPOINT WARNING * * *
You take 24 damage, and have 16/63 hp.
MASSIVE DAMAGE!!
The sixfirhy closely misses you. The sixfirhy attacks as you move away!
The sixfirhy hits you.
* * * LOW HITPOINT WARNING * * *
The sixfirhy shocks you!
You die...

#Z### ### ####Z#
#.###..###### +####
#.#Z#._.....# ....KK
#.###..####.#
...5KK###...####Z##.#
..K.OK'.#....#Z####.#
...KKK#.#....###....#
####+ #..3W.......###
###.........#
##...######
###.###### #.......#
#####.......#
#...>.......#
#.###.......# +
#.......#


You could see a sixfirhy (summoned).

Vanquished Creatures
  2 two-headed ogres (D:9)
  Amaemon (D:9)
  A cyclops (D:11)
  An orange demon (D:9)
  A gargoyle (D:6)
  Psyche (D:11)
  3 trolls
  A hornet (D:7)
  A wyvern (D:9)
  A vampire (D:10)
  5 yaks
  2 vampire mosquitoes (D:11)
  3 acid dragons
  2 water moccasins
  3 orc warriors
  2 ice beasts
  A black bear (D:6)
  4 centaurs
  A phantom (D:6)
  2 kobold brigands
  4 bullfrogs
  6 scorpions
  8 killer bees
  A howler monkey (D:11)
  An electric eel (D:6)
  A jelly (D:7)
  2 hounds
  4 orc priests
  A gnoll bouda (D:6)
  2 sleepcaps
  4 iguanas
  9 orc wizards
  10 gnolls
  4 adders
  A shadow imp (D:6)
  2 white imps
  2 ufetubi (D:6)
  4 dart slugs
  17 orcs
  8 ball pythons
  4 bats
  6 endoplasms
  5 giant cockroaches
  4 goblins
  7 hobgoblins
  4 jackals
  4 quokkas
  3 frilled lizards (D:2)
  19 kobolds
  3 rats
188 creatures vanquished.

Notes
Turn   | Place    | Note
-------+----------+-------------------------------------------
     0 | D:1      | jasper the Spriggan Shapeshifter began the quest for the
                  | Orb.
     0 | D:1      | Reached XP level 1. HP: 9/9 MP: 2/2
   116 | D:1      | Reached skill level 1 in Fighting
   116 | D:1      | Reached skill level 1 in Stealth
   299 | D:1      | Reached XP level 2. HP: 14/14 MP: 3/3
   531 | D:1      | Reached XP level 3. HP: 11/18 MP: 4/4
  1202 | D:2      | Found a faded altar of an unknown god.
  1216 | D:2      | Prayed at the altar of an unknown god.
  1216 | D:2      | Became a worshipper of Vehumet
  1216 | D:2      | Reached * piety under Vehumet
  1216 | D:2      | Offered knowledge of Kiss of Death by Vehumet.
  1217 | D:2      | Fell from the grace of Vehumet
  1616 | D:3      | Reached XP level 4. HP: 22/22 MP: 5/5
  1875 | D:3      | Found the +1 Delatra's gloves {ID++}
  1985 | D:3      | Identified the +8 lajatang of the Hidden Servitors {flame,
                  | Int+3 Dex+3}
  2460 | D:4      | Reached XP level 5. HP: 26/26 MP: 6/6
  2467 | D:5      | Entered Level 5 of the Dungeon
  2497 | D:5      | Reached skill level 5 in Shapeshifting
  2809 | D:5      | Reached XP level 6. HP: 20/32 MP: 7/7
  2969 | D:5      | Reached skill level 5 in Dodging
  2969 | D:5      | Reached skill level 5 in Stealth
  3108 | D:6      | Reached XP level 7. HP: 35/36 MP: 8/8
  3139 | D:6      | Noticed a gargoyle
  3495 | D:6      | Found a staircase to the Ecumenical Temple.
  3501 | Temple   | Entered the Ecumenical Temple
  3530 | Temple   | Became a worshipper of Warmaster Okawaru
  3610 | D:6      | Reached XP level 8. HP: 42/42 MP: 9/9
  3629 | D:6      | Found a sparkling altar of Nemelex Xobeh.
  3649 | D:6      | Reached * piety under Okawaru
  3697 | D:6      | Killed a gargoyle
  3698 | D:6      | Reached skill level 5 in Fighting
  3701 | D:6      | Reached ** piety under Okawaru
  3764 | D:6      | Reached XP level 9. HP: 22/47 MP: 10/10
  4386 | D:7      | Noticed Hubris850's ghost (novice MfGl)
  4425 | D:7      | Reached skill level 1 in Invocations
  4477 | D:7      | Found a runed translucent door.
  5351 | D:8      | Reached *** piety under Okawaru
  5698 | D:8      | Found Maopump's Antique Armour Shop.
  5714 | D:8      | Bought an embroidered robe for 85 gold pieces
  5913 | D:9      | Found a shimmering altar of Xom.
  5914 | D:9      | Found a shadowy altar of Dithmenos.
  5930 | D:9      | Reached skill level 10 in Dodging
  6115 | D:9      | Found a broken altar of Ashenzari.
  6115 | D:9      | Found a shimmering blue altar of Sif Muna.
  6346 | D:9      | Noticed a two-headed ogre
  6356 | D:9      | Killed a two-headed ogre
  6357 | D:9      | Reached XP level 10. HP: 53/53 MP: 13/13
  6359 | D:9      | Reached **** piety under Okawaru
  6362 | D:9      | Reached skill level 10 in Shapeshifting
  6412 | D:9      | Noticed a two-headed ogre
  6420 | D:9      | Killed a two-headed ogre
  6470 | D:9      | Noticed Amaemon
  6470 | D:9      | Noticed an orange demon
  6489 | D:9      | Killed Amaemon
  6492 | D:9      | Killed an orange demon
  6590 | D:9      | Reached ***** piety under Okawaru
  6650 | D:9      | Found a runed translucent gate.
  6650 | D:9      | Found a runed translucent gate.
  6650 | D:9      | Found a runed translucent gate.
  6651 | D:9      | Noticed Tollund's ghost (novice OpSh)
  6691 | D:9      | Was forgiven by Vehumet
  6962 | D:9      | Identified the +4 chain mail of the Ecumenical Temple
                  | {Regen+ Int+7 Dex-3 Stlth+}
  6990 | D:10     | Entered Level 10 of the Dungeon
  7004 | D:10     | Noticed Snorg
  7304 | D:11     | Noticed Psyche
  7304 | D:11     | Noticed a cyclops
  7313 | D:11     | Killed Psyche
  7314 | D:11     | Reached skill level 10 in Fighting
  7357 | D:11     | Killed a cyclops
  7454 | D:11     | Reached XP level 11. HP: 63/63 MP: 14/14
  7478 | D:11     | Identified the +2 buckler of the Blue Moon {Slay+5}
  7557 | D:11     | Found an ornate altar of the Wu Jian Council.
  7703 | D:11     | Noticed a two-headed ogre
  7712 | D:11     | Noticed a sixfirhy
  7720 | D:11     | Slain by a sixfirhy

Illustrated notes

Levels and vault maps discovered:
D:1:      dpeg_arrival_chambers_temple_mockup, layout_loops_ring,
          minmay_pentomino_v4
D:2:      layout_basic, ebering_ecumenical_altar_abandoned
D:3:      layout_rooms, glass_columns_b
D:4:      layout_cave_pools, uniq_duvessa, uniq_crazy_yiuf_cottage,
          uniq_menkaure
D:5:      layout_cave_pools, portal_sewer_entry_b, water_boxes_lemuel
D:6:      cheibrodos_helix_gallery, layout_cave_pools,
          mainiacjoe_overflow_boulevard, minmay_temple_entry_ruins
D:7:      layout_basic, hellmonk_ghost_happy_afterlife
D:8:      layout_rooms, serial_shops, nicolae_stop_n_shop_2
D:9:      layout_long_grid, grunt_temple_overflow_open,
          biasface_ghost_orc_armoury, nrook_campfire,
          hangedman_decor_diamond_cutter, uniq_amaemon
D:10:     minmay_coctagon, layout_gridville, nicolae_uskayaw_dance_studio,
          uniq_nergalle, uniq_snorg
D:11:     layout_roguey [special_room_bee], grunt_lair_entry_orc_guard_hut,
          pdpol_wu_jian_five_deadly_venoms, uniq_psyche, uniq_fannar
Temple:   kb_temple_of_zot

Skill      XL: |  1  2  3  4  5  6  7  8  9 10 11 |
---------------+----------------------------------+-----
Fighting       | 1 2 3 4 5 6 10 | 10.0
Stealth        | 1 2 3 4 5 |  5.0
Dodging        | 3 4 5 7 8 10 | 10.0
Shapeshifting  | 5 6 8 9 10 | 10.0
Invocations    | 3 |  3.0
Evocations     | 2 3 |  3.8
Unarmed Combat | 3 |  3.5

Action                     |  1- 3 |  4- 6 |  7- 9 | 10-12 || total
---------------------------+-------+-------+-------+-------++-------
  Melee: Unarmed           |   120 |    21 |    37 |     3 ||   181
         Punch             |     4 |       |       |       ||     4
         Lajatang          |       |    69 |   140 |    67 ||   276
         Maw               |       |       |       |     1 ||     1
  Throw: Stone             |     6 |    16 |    14 |     2 ||    38
         Dart              |       |       |     3 |       ||     3
 Invoke: Renounce Religion |     1 |       |       |       ||     1
         Heroism           |       |       |     1 |     3 ||     4
  Evoke: Wand              |       |       |     2 |    19 ||    21
    Use: Scroll            |       |    13 |     4 |     3 ||    20
         Potion            |       |       |    12 |     2 ||    14
   Stab: Sleeping          |     8 |     3 |     9 |       ||    20
 Armour: Animal skin       |    10 |     5 |     1 |       ||    16
         Skin              |       |       |    87 |       ||    87
         Robe              |       |       |     8 |     6 ||    14
  Dodge: Dodged            |    86 |    71 |   163 |   126 ||   446
   Form: Maw               |       |       |       |     2 ||     2
         Beast             |       |       |       |     1 ||     1

Table legend: (Time is in decaauts)
 A = Elapsed time spent in this place.
 B = Non-inter-level travel time spent in this place.
 C = Inter-level travel time spent in this place.
 D = Time resting spent in this place.
 E = Time spent auto-exploring this place.
 F = Levels seen in this place.
 G = Mean time per level.
                   A        B        C        D        E       F      G
               +--------+--------+--------+--------+--------+-----+--------+
         Total |   5956 |   5785 |    171 |    840 |   3542 |  12 |  496.3 |
       Dungeon |   5919 |   5782 |    137 |    840 |   3542 |  11 |  538.1 |
        Temple |     36 |      3 |     33 |      0 |      0 |   1 |   36.0 |
               +--------+--------+--------+--------+--------+-----+--------+

Top non-repeatable levels by time:
     D:9: 1073 daAuts
     D:6: 979 daAuts
     D:1: 608 daAuts
     D:7: 607 daAuts
     D:5: 531 daAuts
     D:8: 481 daAuts
     D:2: 466 daAuts
    D:11: 438 daAuts
     D:3: 406 daAuts
     D:4: 271 daAuts
    D:10: 56 daAuts
  Temple: 36 daAuts
